 Dungeon Crawl Stone Soup version 0.27.1-2-g3b301248ec (webtiles) character file.

Game seed: 2958582375473736090

1236 nxtlvl the Cleaver (level 8, -7/73 HPs)
             Began as a Hill Orc Monk on Sept 25, 2021.
             Mangled by an orc warrior (11 damage)
             ... on level 6 of the Dungeon.
             The game lasted 00:18:59 (2235 turns).

nxtlvl the Cleaver (Hill Orc Monk)                  Turns: 2235, Time: 00:18:59

Health: -7/73      AC: 11    Str: 20    XL:     8   Next: 49%
Magic:  8/8        EV:  8    Int: 10    God:
Gold:   138        SH:  0    Dex: 15    Spells: 7/7 levels left

rFire    . . .     SeeInvis .   a - +0 war axe
rCold    . . .     Faith    .   (no shield)
rNeg     . . .     Spirit   .   c - +0 chain mail
rPois    .         Reflect  .   f - +0 helmet
rElec    .         Harm     .   (no cloak)
rCorr    .         Rampage  .   e - +0 pair of gloves
Will     +....                  d - +0 pair of boots
Stlth    ..........             (no amulet)
HPRegen  0.22/turn              o - ring of willpower
MPRegen  0.11/turn              k - +6 ring of strength

@: no status effects
A: no striking features
a: no special abilities


You were on level 6 of the Dungeon.
You visited 1 branch of the dungeon, and saw 6 of its levels.
You also visited: Sewer.

You collected 138 gold pieces.

Inventory:

Hand Weapons
 a - a +0 war axe (weapon)
 B - a +0 bardiche
Missiles
 i - 17 bolts
 m - 74 sling bullets
 q - 45 arrows
 F - 5 javelins (quivered)
Armour
 c - a +0 chain mail (worn)
 d - a +0 pair of boots (worn)
 e - a +0 pair of gloves (worn)
 f - a +0 helmet (worn)
Jewellery
 g - a ring of protection from cold
 k - a +6 ring of strength (right hand)
 o - a ring of willpower (left hand)
Wands
 r - a wand of acid (4)
Scrolls
 h - a scroll of blinking {unknown}
 j - a scroll of silence {unknown}
 l - a scroll of amnesia {unknown}
 p - 2 scrolls of teleportation {unknown}
 s - a scroll of identify {unknown}
 t - 2 scrolls of fog
 y - a scroll of fear {unknown}
 C - 2 scrolls of torment {unknown}
 E - a scroll of brand weapon {unknown}
 G - a scroll of holy word {unknown}
Potions
 b - a potion of magic {unknown}
 n - 2 potions of heal wounds
 u - 2 potions of lignification {unknown}
 w - a potion of haste {unknown}
 x - 2 potions of brilliance {unknown}
 z - 2 potions of curing
 A - 2 potions of mutation {unknown}
 D - a potion of attraction {unknown}


   Skills:
 + Level 7.3 Fighting
 * Level 11.4 Axes
 - Level 2.4 Dodging
 - Level 1.5 Stealth


You had 7 spell levels left.
You didn't know any spells.
Your spell library contained the following spells:

 Spells                   Type           Power      Damage    Failure   Level
 Foxfire                  Conj/Fire      0%         2x1d4     99%         1
 Magic Dart               Conj           0%         1d3       99%         1
 Blink                    Tloc           N/A        N/A       100%        2
 Call Imp                 Summ           0%         N/A       100%        2
 Conjure Flame            Conj/Fire      0%         6-21      100%        3
 Inner Flame              Hex/Fire       0%         N/A       100%        3
 Lesser Beckoning         Tloc           0%         N/A       100%        3
 Mephitic Cloud           Conj/Pois/Air  0%         N/A       100%        3
 Manifold Assault         Tloc           0%         N/A       100%        5


Dungeon Overview and Level Annotations

Branches:
Dungeon (6/15)              Sewer (visited)
 Temple: D:4-7

Altars:
Ashenzari
Qazlal


Message History

* * * LOW HITPOINT WARNING * * *
Something hits you but does no damage.
Aiming: Corrosive Bolt
Press: ? - help, Shift-Dir - straight line The bolt of acid misses the orc warrior.
The bolt of acid hits something!
Reactivating autopickup.
You feel a bit more experienced.
The orc warrior hits you with a +0 morningstar of holy wrath!
* * * LOW HITPOINT WARNING * * *
Unknown command.
Unknown command.
You barely miss the orc warrior.
The orc warrior is heavily wounded.
The orc warrior closely misses you.
You closely miss the orc warrior.
The orc warrior is heavily wounded.
The orc warrior hits you with a +0 morningstar of holy wrath.
* * * LOW HITPOINT WARNING * * *
The orc warrior is no longer covered in acid.
Things that are here:
a +0 dagger; a +0 robe
Okay, then.
You barely miss the orc warrior.
The orc warrior is heavily wounded.
The orc warrior barely misses you.
You hit the orc warrior but do no damage.
The orc warrior is heavily wounded.
The orc warrior barely misses you.
You hit the orc warrior but do no damage.
The orc warrior is heavily wounded.
The orc warrior hits you with a +0 morningstar of holy wrath.
* * * LOW HITPOINT WARNING * * *
You slash the orc warrior!
The orc warrior is severely wounded.
The orc warrior completely misses you.
You closely miss the orc warrior.
The orc warrior is severely wounded.
The orc warrior hits you with a +0 morningstar of holy wrath!
You die...

.. #.# ## ###.# #.
..#.# #. #.#.# #.#
#.#.#
#..######.#.####.##
#.#...............#
#..######.#.####.##
#..@o..).....##
##.######...[.# #.#
##...## #.# ##.##
#.# #)# #.# #)# #.#
#'# .. ... .....


You could see an orc warrior.

Vanquished Creatures
  Eustachio (D:4)
  A water moccasin (Sewer)
  A sky beast (D:5)
  An ice beast (D:5)
  An ogre (D:6)
  2 phantoms (D:4)
  A scorpion (D:4)
  A centaur skeleton (D:5)
  A jelly (D:4)
  3 orc priests
  8 orc wizards
  Ijyb (D:3)
  4 adders
  2 shadow imps
  A white imp (D:5)
  An ufetubus (D:5)
  A worm (D:4)
  16 orcs
  A bat (D:3)
  8 endoplasms
  A giant cockroach (D:1)
  6 goblins
  8 hobgoblins
  2 jackals (Sewer)
  2 quokkas
  2 ball pythons
  4 frilled lizards
  8 kobolds
  7 rats
96 creatures vanquished.

Vanquished Creatures (others)
  A plant (D:2)
1 creature vanquished.

Grand Total: 97 creatures vanquished

Notes
Turn   | Place    | Note
-------+----------+-------------------------------------------
     0 | D:1      | nxtlvl the Hill Orc Monk began the quest for the Orb.
     0 | D:1      | Reached XP level 1. HP: 19/19 MP: 1/1
   132 | D:1      | Reached XP level 2. HP: 8/26 MP: 2/2
   168 | D:1      | Found a faded altar of an unknown god.
   314 | D:2      | Reached skill level 5 in Axes
   376 | D:2      | Found a broken altar of Ashenzari.
   580 | D:3      | Reached XP level 3. HP: 30/31 MP: 3/3
   676 | D:3      | Noticed Ijyb
   684 | D:3      | Killed Ijyb
   685 | D:3      | Reached skill level 6 in Axes
   774 | D:3      | Reached XP level 4. HP: 28/40 MP: 4/4
   917 | D:4      | Noticed a scorpion
   939 | D:4      | Killed a scorpion
   940 | D:4      | Reached skill level 7 in Axes
   940 | D:4      | Reached XP level 5. HP: 17/47 MP: 5/5
   966 | D:4      | Found a glowing drain.
  1040 | Sewer    | Entered a sewer
  1092 | Sewer    | Noticed a water moccasin
  1095 | Sewer    | Killed a water moccasin
  1096 | Sewer    | Reached skill level 8 in Axes
  1096 | Sewer    | Reached XP level 6. HP: 55/55 MP: 6/6
  1157 | D:5      | Entered Level 5 of the Dungeon
  1213 | D:4      | Reached skill level 5 in Fighting
  1306 | D:4      | Noticed Eustachio
  1380 | D:4      | Killed Eustachio
  1381 | D:4      | Reached skill level 9 in Axes
  1381 | D:4      | Reached XP level 7. HP: 18/62 MP: 7/7
  1680 | D:5      | Reached skill level 10 in Axes
  1795 | D:5      | Reached XP level 8. HP: 35/71 MP: 8/8
  1828 | D:5      | Found a stormy altar of Qazlal.
  2105 | D:6      | Reached skill level 11 in Axes
  2235 | D:6      | Mangled by an orc warrior

Illustrated notes

Levels and vault maps discovered:
D:1:      elethiomel_arrival_maze, layout_basic,
          dreamdust_ecumenical_altar_hidden_monk_grotto
D:2:      layout_loops_corners, basic_altar, serial_bayou_pond_d
D:3:      layout_basic, uniq_ijyb
D:4:      layout_loops_ring, cheibrodos_sewer_entry_drain,
          chequers_serial_rivers_small_b, uniq_eustachio
D:5:      layout_loops_cross, nicolae_qazlal_scattered_showers
D:6:      layout_loops_corners, uniq_pikel, uniq_edmund

Skill      XL: |  1  2  3  4  5  6  7  8 |
---------------+-------------------------+-----
Axes           | 5 6 7 8 9 10 11 | 11.4
Fighting       | 4 5 6 7 |  7.3
Dodging        | |  2.4
Stealth        | |  1.5

Action                   |  1- 3 |  4- 6 |  7- 9 || total
-------------------------+-------+-------+-------++-------
Melee: Hand axe          |    98 |    64 |       ||   162
       War axe           |       |    88 |   138 ||   226
Throw: Throwing net      |     1 |     1 |       ||     2
       Dart              |       |       |     5 ||     5
       Javelin           |       |       |     1 ||     1
Evoke: Wand              |       |     4 |     2 ||     6
  Use: Scroll            |       |     1 |       ||     1
       Potion            |       |     1 |       ||     1
 Stab: Sleeping          |     2 |       |       ||     2
Armor: Robe              |     5 |       |       ||     5
       Ring mail         |    15 |    14 |       ||    29
       Chain mail        |       |    57 |    68 ||   125
Dodge: Dodged            |    46 |    54 |    41 ||   141
